 Dungeon Crawl Stone Soup version 0.28-a0-851-g8b9cc49659 (webtiles) character file.

Game seed: 4473235663028158665

84 vurker the Gusty (level 4, -5/25 HPs)
             Began as a Tengu Air Elementalist on Nov 14, 2021.
             Slain by an orc warrior (24 damage)
             ... on level 3 of the Dungeon.
             The game lasted 00:01:32 (2333 turns).

vurker the Gusty (Tengu Air Elementalist)           Turns: 2333, Time: 00:01:32

Health: -5/25      AC:  2    Str:  8    XL:     4   Next: 45%
Magic:  1/9        EV: 12    Int: 16    God:
Gold:   90         SH:  0    Dex: 15    Spells: 7/8 levels left

rFire   . . .      SeeInvis .   f - +2 dagger (venom)
rCold   . . .      Faith    .   (no shield)
rNeg    . . .      Spirit   .   a - +0 robe
rPois   .          Reflect  .   (helmet restricted)
rElec   .          Harm     .   (no cloak)
rCorr   .          Rampage  .   (no gloves)
Will    .....                   (boots unavailable)
Stlth   ++........              (no amulet)
HPRegen 0.08/turn               (no ring)
MPRegen 0.11/turn               (no ring)

@: lethally poisoned (-5 -> -7)
A: beak, talons 3
a: no special abilities


You were on level 3 of the Dungeon.
You visited 1 branch of the dungeon, and saw 3 of its levels.

You collected 90 gold pieces.

Inventory:

Hand Weapons
 f - a +2 dagger of venom (weapon)
   (You found it on level 1 of the Dungeon)
Armour
 a - a +0 robe (worn)
Scrolls
 c - 2 scrolls of identify {unknown}
 e - a scroll of summoning {unknown}
 g - a scroll of acquirement {unknown}
 h - 2 scrolls of enchant armour {unknown}
Potions
 b - a potion of degeneration {unknown}
 d - a potion of curing {unknown}


   Skills:
 + Level 1.4 Fighting
 - Level 2.1 Dodging
 - Level 2.0 Stealth
 * Level 2.8 Spellcasting
 + Level 2.4 Conjurations
 * Level 5.1 Air Magic


You had 7 spell levels left.
You knew the following spells:

 Your Spells              Type           Power      Damage    Failure   Level
a - Shock                 Conj/Air       56%        1d6       4%          1

Your spell library contained the following spells:

 Spells                   Type           Power      Damage    Failure   Level
 Static Discharge         Conj/Air       14%        N/A       6%          2
 Swiftness                Air            18%        N/A       7%          3
 Airstrike                Air            9%         N/A       24%         4


Dungeon Overview and Level Annotations

Branches:
Dungeon (3/15)

Altars:
Cheibriados


Innate Abilities, Weirdness & Mutations

You have a beak for a mouth.
You have claws for feet.


Message History

The zap hits the orc.
The orc shouts!
You hear a shout!
A goblin comes into view. It is wielding a +0 dagger.
There are monsters nearby!
Aim: an orc, wielding a +0 dagger (severely wounded, 71% to hit)
The zap hits the orc.
You kill the orc!
The zap hits the goblin.
You kill the goblin!
An adder comes into view.
An orc warrior comes into view.
It is wielding a +4 battleaxe of freezing.
Aim: an orc warrior, wielding a +4 battleaxe of freezing and wearing a +0 plate armour (71% to hit)
The zap hits the orc warrior but does no damage.
The adder hisses angrily.
You hear an angry hiss.
Aim: an orc warrior, wielding a +4 battleaxe of freezing and wearing a +0 plate armour (71% to hit)
The zap hits the orc warrior but does no damage.
Aim: an orc warrior, wielding a +4 battleaxe of freezing and wearing a +0 plate armour (71% to hit)
The zap hits the orc warrior.
A frilled lizard comes into view.
Aim: an orc warrior, wielding a +4 battleaxe of freezing and wearing a +0 plate armour (moderately wounded, 71% to hit)
The zap hits the orc warrior but does no damage.
The frilled lizard hisses angrily.
Aim: an orc warrior, wielding a +4 battleaxe of freezing and wearing a +0 plate armour (moderately wounded, 71% to hit)
The zap hits the adder.
The zap hits the orc warrior.
An orc comes into view. It is wielding a +0 dagger.
The adder barely misses you. The adder closely misses you. The adder bites you.
You are poisoned.
The adder poisons you!
Aim: an orc warrior, wielding a +4 battleaxe of freezing and wearing a +0 plate armour (moderately wounded, 71% to hit)
The zap misses the adder.
The zap hits the orc warrior but does no damage.
You feel sick.
The frilled lizard unfolds its giant frill.
The adder closely misses you.
Aim: an orc warrior, wielding a +4 battleaxe of freezing and wearing a +0 plate armour (moderately wounded, 71% to hit)
The zap hits the adder.
The zap hits the orc warrior.
The zap hits the orc warrior but does no damage.
The zap misses the adder.
You feel sick. The adder bites you but does no damage.
Aim: an orc warrior, wielding a +4 battleaxe of freezing and wearing a +0 plate armour (moderately wounded, 71% to hit)
The zap misses the adder.
The zap misses the orc warrior.
The zap hits the orc warrior.
The zap hits the adder.
You kill the adder!
You feel sick.
You feel sick.
The orc warrior hits you with a +4 battleaxe of freezing!!
Ouch! That really hurt!
You die...

#....o......# ...#..
#..........# #....
#..........# #...
#######o####
#..########## #.#
#..#.........
##.######..#.........
#.l...†....'.########
#.......#..#.# ...
#..o@...#..#.# ###
###.......#..#.# ..
#..........#..#.# ..
#..........#..#.# ..
#..........#..#.# ..
####.......#..#.# ..
#.......#..# ..
#.......# . #########


You could see an orc warrior, an orc (wandering) and a frilled lizard.

Vanquished Creatures
  3 adders
  An adder skeleton (D:2)
  A worm (D:2)
  2 orcs (D:3)
  2 bats (D:2)
  6 endoplasms
  4 giant cockroaches
  5 hobgoblins
  3 jackals (D:2)
  2 quokkas
  3 ball pythons (D:2)
  3 frilled lizards
  4 goblins
  2 kobolds (D:2)
  6 rats
47 creatures vanquished.

Notes
Turn   | Place    | Note
-------+----------+-------------------------------------------
     0 | D:1      | vurker the Tengu Air Elementalist began the quest for the
                  | Orb.
     0 | D:1      | Reached XP level 1. HP: 10/10 MP: 4/4
   213 | D:1      | Reached XP level 2. HP: 15/15 MP: 4/6
  1031 | D:2      | Reached XP level 3. HP: 20/20 MP: 2/7
  1156 | D:2      | Reached skill level 1 in Fighting
  1600 | D:2      | Reached XP level 4. HP: 12/25 MP: 0/9
  1902 | D:2      | Reached skill level 5 in Air Magic
  2312 | D:3      | Found a snail-covered altar of Cheibriados.
  2316 | D:3      | Noticed an orc warrior
  2333 | D:3      | Slain by an orc warrior

Illustrated notes

Levels and vault maps discovered:
D:1:      minmay_arrival_four_loops, layout_basic
D:2:      layout_loops_ring, grunt_ministairs_4
D:3:      layout_basic, old_standard_altar, cheibriados_altar_1,
          shapermc_ecumenical_altar_mp_urbaneastern, st_stairs_10

Skill      XL: |  1  2  3  4 |
---------------+-------------+-----
Conjurations   | 2 |  2.4
Fighting       | 1 |  1.4
Air Magic      | 5 |  5.1
Dodging        | |  2.1
Stealth        | |  2.0
Spellcasting   | |  2.8

Action                   |  1- 3 |  4- 6 || total
-------------------------+-------+-------++-------
Melee: Dagger            |    20 |       ||    20
       Kick              |     3 |       ||     3
       Peck              |     2 |       ||     2
 Cast: Shock             |    67 |    24 ||    91
Armor: Robe              |    10 |     1 ||    11
Dodge: Dodged            |    23 |     4 ||    27

Table legend: (Time is in decaauts)
 A = Elapsed time spent in this place.
 B = Non-inter-level travel time spent in this place.
 C = Inter-level travel time spent in this place.
 D = Time resting spent in this place.
 E = Time spent auto-exploring this place.
 F = Levels seen in this place.
 G = Mean time per level.
                   A        B        C        D        E       F      G
               +--------+--------+--------+--------+--------+-----+--------+
         Total |   2332 |   2270 |     62 |      0 |   2020 |   3 |  777.3 |
       Dungeon |   2332 |   2270 |     62 |      0 |   2020 |   3 |  777.3 |
               +--------+--------+--------+--------+--------+-----+--------+

Top non-repeatable levels by time:
     D:2: 1262 daAuts
     D:1: 921 daAuts
     D:3: 147 daAuts
